AoeStats
← BenJames

Arabia

504578170Analyzed
2v2 RM · 26d ago on Sep 5, 2026· 49m 43s· 4 players
Game mode
Random Map
Map size
Medium (4 player)
Population
200
Speed
Normal
Resources
Standard
Victory
Conquest
Starting age
Dark Age
Ending age
Imperial Age
RankedLock teamsTeams togetherTeam positionsShared explorationLock speedFull tech treeHidden civsTurbo modeCheats
Victory
Defeat
🇹🇼 Persians · Taiwan
1121
+15
🇨🇴 Magyars · Colombia
1078
+15
🇸🇪 Maya · Sweden
1088
-15
🇸🇪 Magyars · Sweden
1087
-15
DR-Röttgher
9:30 Loom
11:49 Feudal Age
19:56 Feudal Age
20:24 Horse Collar
23:29 Double-Bit Axe
31:38 Castle Age
30:14 Fletching
32:00 Scale Barding Armor
39:55 Gold Mining
Jonteking
0:32 Loom
12:17 Feudal Age
13:09 Double-Bit Axe
13:06 Horse Collar
18:29 Wheelbarrow
18:35 Gold Mining
18:41 Fletching
20:33 Town Watch
25:05 Castle Age
23:29 Padded Archer Armor
26:37 Bodkin Arrow
26:28 Crossbowman
28:13 Hand Cart
29:16 Leather Archer Armor
29:33 Stone Mining
30:14 Bow Saw
32:06 Heavy Plow
32:43 Ballistics
33:16 Eagle Warrior
33:57 Squires
35:00 Thumb Ring
35:02 Scale Mail Armor
43:08 Chain Mail Armor
BenJames
7:13 Loom
10:02 Feudal Age
12:08 Man-at-Arms
16:50 Scale Mail Armor
21:59 Castle Age
20:18 Horse Collar
20:34 Double-Bit Axe
22:58 Scale Barding Armor
25:48 Fletching
26:25 Chain Barding Armor
26:58 Husbandry
27:29 Bow Saw
30:59 Bloodlines
31:05 Bodkin Arrow
32:58 Wheelbarrow
34:56 Hand Cart
35:13 Town Watch
40:48 Imperial Age
40:52 Cavalier
41:07 Elite Magyar Huszar
43:18 Plate Barding Armor
42:45 Gold Mining
42:57 Heavy Plow
44:01 Two-Man Saw
42:54 Stone Mining
46:56 Conscription
Jason
4:40 Loom
18:00 Feudal Age
19:19 Wheelbarrow
18:34 Double-Bit Axe
20:13 Gold Mining
21:09 Fletching
35:23 Castle Age
34:49 Arson
35:12 Crossbowman
35:58 Thumb Ring
36:46 Thumb Ring
37:57 Bodkin Arrow
38:03 Padded Archer Armor
39:47 Ballistics
47:30 Imperial Age
46:34 Hand Cart
Connection lost

Rejoining the realm…

Still unreachable

The connection could not be restored.

Session expired

The server has moved on; the page needs a fresh start.